Map: Overgrown Facility

Players

ParsiCore

  • Race: Terran Terran
  • Spawn Location: 1:00

Hellontoast

  • Race: Zerg Zerg
  • League: Master
  • Spawn Location: 3:00

LOADBLASTER - Winner!

  • Race: Terran Terran
  • League: Grandmaster
  • Spawn Location: 9:00

PureLegacy - Winner!

  • Race: Terran Terran
  • Spawn Location: 7:00

VOD

Have the link to the VOD?

Description

Time

  • Played on: Dec. 1, 2018, 2:46 p.m.
  • Length: 10:01
Show
View Real Time Build Order
Export as new Build Order

ParsiCore Terran 

Build Orders: Cyclone Opening 

Get SALT Encoding   

  12  0:00  SCV  
  13  0:13  SCV  
  14  0:18  Supply Depot  
  14  0:25  SCV  
  15  0:29  Refinery  
  15  0:39  SCV  
  16  0:48  Barracks  
  16  0:51  SCV  
  18  1:04  SCV  
  19  1:18  SCV  
  19  1:26  Refinery  
  20  1:36  Marine  
  20  1:37  Factory, Orbital Command  
  20  1:52  Supply Depot  
  20  1:55  Barracks Tech Lab  
  20  2:03  SCV  
  20  2:07  Factory  
  21  2:15  SCV  
  22  2:27  SCV  
  22  2:28  Cyclone  
  26  2:33  Barracks Reactor  
  26  2:39  SCV  
  26  2:40  Supply Depot  
  27  2:51  SCV  
  28  3:00  Cyclone  
  31  3:08  Supply Depot  
  31  3:13  Hellion  
  31  3:14  Hellion  
  35  3:32  Cyclone  
  38  3:36  Hellion x2  
  38  3:40  Supply Depot  
  42  3:57  Hellion x2  
  46  4:04  Cyclone  
  49  4:15  Supply Depot  
  49  4:23  Hellion x2  
  53  4:32  SCV  
  53  4:36  Cyclone  
  57  4:44  Hellion x2  
  52  5:19  Cyclone  
  52  5:20  Hellion  
  45  5:31  SCV  
  25  6:07  SCV  
  26  6:19  SCV  
  27  6:27  Hellion  
  27  6:31  SCV  
  30  6:35  Cyclone  
  33  6:42  Engineering Bay  
  33  6:43  SCV  
  31  6:55  SCV  
  32  7:07  Cyclone, Hellion x2  
  32  7:08  SCV  
  36  7:23  Missile Turret  
  36  7:29  Hellion  
  38  7:39  Cyclone  
  38  7:53  SCV  
  35  8:04  Hellion x2  
  39  8:11  Cyclone  
  42  8:25  Hellion  
  41  8:43  Cyclone  
  44  8:55  Barracks Tech Lab  
  44  9:01  Command Center  
  44  9:06  Hellion  
  46  9:23  SCV  
  47  9:28  Siege Tank  
  50  9:35  SCV  
  53  9:47  SCV  
Show
View Real Time Build Order
Export as new Build Order

Hellontoast Zerg 

Build Orders: Hatch First 

Get SALT Encoding   

  12  0:00  Drone  
  13  0:12  Overlord  
  13  0:18  Drone  
  14  0:31  Drone x2  
  16  0:37  Drone  
  17  0:51  Drone  
  18  1:00  Hatchery  
  18  1:01  Drone  
  18  1:05  Extractor  
  17  1:15  Spawning Pool  
  17  1:18  Drone  
  17  1:21  Drone  
  18  1:29  Drone  
  19  1:41  Overlord  
  19  1:55  Drone  
  20  2:02  Queen  
  20  2:06  Zergling x2  
  23  2:09  Metabolic Boost  
  23  2:11  Queen  
  23  2:12  Drone  
  23  2:13  Drone  
  27  2:27  Drone  
  27  2:29  Drone  
  29  2:34  Baneling Nest  
  29  2:37  Drone x2  
  30  2:47  Zergling x2  
  30  2:48  Zergling x2  
  32  2:54  Overlord  
  32  2:59  Zergling x2  
  32  3:05  Zergling x2  
  34  3:10  Zergling x2  
  34  3:12  Overlord  
  35  3:15  Zergling x4  
  37  3:21  Zergling x2  
  37  3:22  Zergling x8  
  41  3:33  Zergling x4  
  42  3:40  Zergling x2  
  42  3:53  Zergling x4  
  42  3:54  Zergling x6  
  47  4:03  Overlord  
  47  4:08  Zergling x2  
  48  4:13  Zergling x6  
  48  4:16  Overlord  
  51  4:38  Zergling x6  
  51  4:39  Zergling x6  
  57  4:51  Zergling x8  
  60  4:54  Zergling x2  
  60  4:58  Zergling x2  
  62  5:13  Baneling x9  
  62  5:14  Baneling x5  
  59  5:21  Zergling x14  
  64  5:29  Zergling x2  
  64  5:30  Zergling x2  
  59  5:41  Zergling x2  
  59  5:42  Zergling x12  
  61  5:51  Zergling x2  
  61  5:55  Zergling x2  
  61  5:56  Zergling x2  
  57  6:07  Zergling x4  
  57  6:11  Zergling x2  
  54  6:12  Zergling x4  
  49  6:20  Baneling x6  
  49  6:21  Zergling x2  
  49  6:22  Zergling x8  
  53  6:30  Zergling x2  
  52  6:40  Drone x2  
  52  6:42  Hatchery  
  44  6:51  Drone  
  44  6:52  Drone x4  
  47  6:55  Drone  
  47  6:56  Roach Warren  
  46  7:04  Drone  
  47  7:14  Zergling x4  
  49  7:18  Spore Crawler  
  48  7:23  Zergling x4  
  48  7:24  Zergling x10  
  48  7:28  Baneling  
  48  7:29  Baneling x3  
  18  8:00  Drone  
  18  8:01  Drone x9  
  27  8:08  Drone x2  
  29  8:16  Zergling x2  
  29  8:18  Zergling x2  
  31  8:27  Zergling x2  
  31  8:29  Zergling x2  
  33  8:43  Hatchery  
  33  8:44  Drone x3  
  33  8:45  Drone  
  36  8:52  Drone x2  
  38  8:57  Lair  
  38  9:13  Queen  
  38  9:16  Extractor  
  39  9:17  Extractor  
  39  9:19  Extractor  
  39  9:22  Baneling x2  
  39  9:23  Zergling x10  
  37  9:25  Zergling x2  
  37  9:28  Zergling x2  
  37  9:30  Drone  
  40  9:35  Zergling x2  
  40  9:36  Zergling x2  
  42  9:41  Zergling x4  
Show
View Real Time Build Order
Export as new Build Order

LOADBLASTER Terran - Winner!

Build Orders: Liberator Opening 

Get SALT Encoding   

  12  0:05  SCV  
  13  0:17  SCV  
  13  0:20  Supply Depot  
  14  0:29  SCV  
  15  0:42  SCV  
  16  0:43  Barracks  
  16  0:46  Refinery  
  16  0:54  SCV  
  17  1:06  SCV  
  18  1:18  SCV  
  19  1:30  Marine, Orbital Command  
  20  1:46  Command Center  
  20  1:56  Factory  
  20  2:00  SCV  
  21  2:06  Barracks Reactor  
  21  2:13  SCV  
  22  2:16  Supply Depot  
  22  2:21  Refinery  
  22  2:25  SCV  
  23  2:38  SCV  
  24  2:45  Starport  
  24  2:50  SCV  
  29  2:51  Hellion x2  
  29  2:56  Barracks Tech Lab  
  29  3:02  Orbital Command  
  29  3:04  SCV  
  30  3:10  Liberator  
  32  3:13  Hellion  
  32  3:14  Hellion  
  32  3:16  SCV  
  35  3:28  SCV  
  35  3:29  SCV  
  40  3:36  Supply Depot  
  40  3:39  Hellion  
  40  3:40  SCV  
  43  3:44  Hellion  
  43  3:47  SCV  
  46  3:57  SCV  
  46  3:59  SCV  
  46  4:00  Hellion  
  50  4:03  Supply Depot  
  50  4:05  Hellion  
  50  4:09  SCV  
  53  4:11  SCV  
  53  4:16  Armory  
  54  4:24  SCV x2  
  54  4:27  Banshee  
  54  4:29  Hellion  
  61  4:33  Supply Depot  
  61  4:35  Hellion  
  61  4:36  SCV  
  61  4:37  SCV  
  65  4:49  Command Center  
  65  4:54  SCV  
  65  4:58  Supply Depot, Hellion  
  68  5:01  SCV  
  69  5:08  Hellion  
  69  5:10  Banshee  
  69  5:12  SCV  
  73  5:15  SCV  
  73  5:19  Hellion  
  72  5:24  SCV  
  72  5:27  SCV  
  72  5:35  Hellion  
  70  5:36  SCV  
  70  5:39  SCV  
  70  5:41  Hellion  
  65  5:48  SCV  
  66  5:51  SCV  
  66  5:53  Banshee  
  66  5:54  Terran Vehicle Weapons Level 1  
  69  5:58  Factory, Barracks Tech Lab  
  69  6:00  Hellion  
  69  6:01  Factory, SCV  
  73  6:07  Orbital Command  
  73  6:09  SCV  
  70  6:14  Hellion  
  70  6:17  SCV  
  71  6:21  SCV  
  71  6:22  Hellion  
  71  6:23  Refinery  
  71  6:24  Refinery  
  74  6:26  Supply Depot  
  74  6:28  Supply Depot  
  74  6:29  SCV  
  75  6:33  SCV  
  75  6:35  Hellion, SCV  
  77  6:41  SCV  
  77  6:43  Hellion  
  77  6:45  SCV  
  81  6:47  SCV  
  81  6:50  Starport Reactor  
  81  6:53  SCV  
  83  6:59  SCV  
  85  7:03  Refinery  
  85  7:04  Refinery, Supply Depot  
  85  7:05  SCV  
  85  7:08  Thor x2  
  91  7:10  SCV  
  91  7:14  SCV  
  97  7:18  SCV  
  95  7:23  Hellion, SCV  
  95  7:26  Medivac x2  
  95  7:27  SCV  
  103  7:30  SCV  
  103  7:34  Hellion  
  103  7:36  SCV  
  104  7:40  SCV  
  104  7:42  SCV  
  102  7:45  Hellion  
  102  7:47  Factory  
  102  7:49  Factory  
  97  7:51  Hellion  
  97  7:52  SCV  
  93  7:59  SCV x2  
  93  8:04  SCV  
  96  8:07  Siege Tank  
  96  8:11  Supply Depot  
  96  8:12  Supply Depot, Siege Tank  
  99  8:14  Infernal Pre-Igniter, SCV  
  99  8:16  Hellion  
  99  8:17  SCV  
  99  8:18  SCV  
  104  8:24  Supply Depot  
  104  8:26  SCV  
  105  8:27  Hellion  
  105  8:32  Factory Reactor, Factory Tech Lab  
  105  8:33  Viking x2  
  111  8:39  Siege Tank  
  116  8:46  Command Center  
  114  8:53  Siege Tank x2  
  124  8:55  Hellion  
  124  8:56  Hellion  
  124  9:00  SCV x3  
  127  9:03  Supply Depot  
  127  9:04  Supply Depot  
  127  9:11  Viking, Hellion  
  127  9:12  SCV x2  
  127  9:14  Viking  
  127  9:16  SCV  
  136  9:23  Hellion x2  
  140  9:24  SCV x2  
  140  9:25  Supply Depot, Siege Tank  
  140  9:27  Supply Depot  
  140  9:28  Siege Tank  
  148  9:31  SCV  
  149  9:38  Supply Depot  
  149  9:41  SCV  
  154  9:49  Factory x2  
  154  9:51  Factory  
Show
View Real Time Build Order
Export as new Build Order

PureLegacy Terran - Winner!

Build Orders:  

Get SALT Encoding   

  12  0:02  SCV  
  13  0:14  SCV  
  14  0:22  Supply Depot  
  14  0:27  SCV  
  15  0:30  Refinery  
  15  0:44  SCV  
  15  0:47  Barracks  
  16  0:56  SCV  
  17  1:03  Barracks  
  17  1:18  Barracks  
  17  1:22  SCV  
  18  1:35  Reaper  
  18  1:39  Orbital Command  
  19  1:50  Refinery  
  19  1:52  Reaper  
  20  2:04  Supply Depot  
  20  2:05  Reaper  
  21  2:10  Reaper  
  21  2:12  SCV  
  23  2:26  SCV  
  23  2:28  Reaper  
  25  2:35  Supply Depot  
  25  2:38  SCV  
  25  2:40  Reaper  
  27  2:45  Reaper  
  27  2:50  SCV  
  29  3:00  Reaper  
  29  3:02  SCV  
  30  3:12  Reaper  
  31  3:13  Command Center  
  31  3:20  Reaper  
  33  3:35  SCV  
  34  3:55  SCV  
  36  3:57  Command Center  
  36  4:00  Barracks Reactor, Barracks Tech Lab  
  34  4:04  Factory  
  34  4:06  Barracks Reactor  
  34  4:11  SCV  
  34  4:12  Bunker  
  32  4:25  SCV  
  32  4:32  Marine  
  32  4:33  Stimpack  
  32  4:35  Orbital Command  
  32  4:37  SCV  
  34  4:43  Marine x4  
  38  4:49  SCV  
  38  4:51  Marine  
  40  4:55  Starport  
  40  4:57  Factory Reactor  
  40  5:04  SCV  
  40  5:10  Marine  
  40  5:11  Marine x3  
  43  5:19  Orbital Command  
  43  5:27  Marine  
  43  5:28  Marine x2  
  43  5:29  Marine  
  35  5:45  Marine  
  35  5:46  Marine  
  35  5:47  Marine  
  31  5:51  SCV x3  
  34  6:00  Supply Depot  
  34  6:02  Marine  
  27  6:08  Medivac x2  
  31  6:12  SCV x2  
  31  6:17  Supply Depot  
  33  6:20  Marine x2  
  33  6:24  Marine  
  36  6:25  Marine  
  36  6:28  SCV x3  
  38  6:40  Marine x2  
  38  6:41  Combat Shield  
  40  6:49  SCV x3  
  43  6:54  Marine  
  43  6:58  Marine x2  
  43  7:00  Supply Depot  
  43  7:01  Barracks Reactor  
  46  7:09  SCV x2  
  46  7:10  SCV  
  46  7:12  Marine  
  50  7:15  Marine  
  50  7:16  Marine  
  50  7:19  Medivac x2  
  56  7:24  SCV x3  
  59  7:33  Marine x3  
  59  7:36  SCV x2  
  64  7:40  SCV  
  65  7:49  Medivac x2  
  68  7:51  Marine  
  69  7:59  Marine x4  
  69  8:03  Barracks  
  69  8:05  Barracks  
  73  8:06  SCV  
  73  8:07  SCV x2  
  76  8:18  Marine x2  
  76  8:25  Medivac  
  76  8:26  SCV  
  77  8:29  Engineering Bay  
  77  8:30  Medivac, Engineering Bay, SCV  
  77  8:31  Refinery x2, SCV  
  81  8:40  SCV  
  82  8:45  Marine x3  
  85  8:48  Orbital Command  
  85  8:55  Supply Depot, Barracks Reactor x2  
  85  8:56  Supply Depot  
  85  9:03  Supply Depot  
  85  9:15  Supply Depot  
  85  9:16  Marine x2  
  85  9:17  SCV x2  
  89  9:20  Medivac  
  89  9:21  Medivac  
  93  9:24  SCV  
  93  9:29  SCV x2  
  96  9:36  SCV  
  95  9:41  SCV x2  
  95  9:42  Sensor Tower, Marine x5  
  95  9:43  Marine x2  
  104  9:49  SCV  
Tags
 
Add a new tag
Caveats
  • Supply blocks, unpowered buildings, or Contaminate may cause inaccurate times.
  • Supply counts are checked every 10 seconds.